 Dungeon Crawl Stone Soup version 0.17.1-2-g5865329 (webtiles) character file.

2988 Opium the Slasher (level 9, -1/62 HPs)
             Began as a High Elf Skald on Jan 10, 2016.
             Was a Priest of Okawaru.
             Slain by Duvessa
             ... wielding a cursed +0 rapier
              (18 damage)
             ... on level 6 of the Dungeon on Jan 13, 2016.
             The game lasted 01:06:16 (9820 turns).

Opium the Slasher (High Elf Skald)                  Turns: 9820, Time: 01:06:16

Health: -1/62      AC: 11    Str: 12    XL:     9   Next: 53%
Magic:  1/20       EV: 21    Int: 16    God:    Okawaru [***...]
Gold:   321        SH:  0    Dex: 18    Spells: 7 memorised, 7 levels left

rFire  . . .     SeeInvis .     a - +2 falchion
rCold  . . .     Clarity  .     x - +0 robe
rNeg   . . .     SustAt   +     (no shield)
rPois  .         Gourm    +     (no helmet)
rElec  .         Spirit   .     h - +2 cloak
rCorr  .         Warding  .     p - +1 pair of gloves
rMut   .         Stasis   .     i - +2 pair of boots
MR     .....                    m - amulet of the gourmand
Stlth  ++........               (no ring)
                                E - ring of sustain attributes

@: heroism, glowing, not resistant to hostile enchantments, unstealthy
A: no striking features
a: Heroism, Renounce Religion


You were on level 6 of the Dungeon.
You worshipped Okawaru.
Okawaru was most pleased with you.
You were hungry.

You visited 1 branch of the dungeon, and saw 9 of its levels.

You collected 321 gold pieces.

Inventory:

Hand Weapons
 a - a +2 falchion (weapon)
 D - a +0 long sword
Missiles
 g - 200 stones (quivered)
Armour
 b - a +0 leather armour
 h - a +2 cloak (worn)
 i - a +2 pair of boots (worn)
 p - a +1 pair of gloves (worn)
 x - a +0 robe (worn)
Magical Staves
 y - an uncursed staff of conjuration
Jewellery
 m - an amulet of the gourmand (around neck)
 E - a ring of sustain attributes (left hand)
Wands
 k - a wand of disintegration (9)
 u - a wand of flame (20)
 z - a wand of confusion (16)
 F - a wand of draining (3)
Scrolls
 j - 3 scrolls of fog
 l - a scroll of vulnerability {unknown}
 n - 5 scrolls of fear
 q - 2 scrolls of remove curse
 s - 5 scrolls of recharging
 A - 3 scrolls of teleportation
 H - a scroll of magic mapping
Potions
 e - 3 potions of flight
 f - a potion of lignification {unknown}
 t - 2 potions of haste
 v - a potion of poison {unknown}
 w - 3 potions of curing {unknown}
 B - 2 potions of berserk rage {unknown}
 C - a potion of heal wounds {unknown}
Books
 c - a book of Battle

   Spells                             Type                      Level
   a - Infusion                       Charms                       1
   b - Shroud of Golubria             Charms/Translocation         2
   c - Song of Slaying                Charms                       2
   d - Spectral Weapon                Hexes/Charms                 3
   e - Regeneration                   Charms/Necromancy            3
 o - a book of Air

   Spells                             Type                      Level
   a - Shock                          Conjuration/Air              1
   b - Swiftness                      Charms/Air                   2
   c - Repel Missiles                 Charms/Air                   2
   d - Static Discharge               Conjuration/Air              3
   e - Lightning Bolt                 Conjuration/Air              5
Comestibles
 d - 5 bread rations
 r - a beef jerky
 I - a slice of pizza


   Skills:
 * Level 5.8(10.8) Fighting
 * Level 7.0(12.0) Long Blades
 - Level 2.0(7.0) Armour
 * Level 6.2(11.2) Dodging
 * Level 6.9 Spellcasting
 + Level 6.3 Charms
 + Level 4.4 Translocations
 + Level 2.9 Air Magic


You had 7 spell levels left.
You knew the following spells:

 Your Spells              Type           Power        Failure   Level  Hunger
a - Infusion              Chrm           ####..       1%          1    None
b - Song of Slaying       Chrm           ####....     1%          2    None
c - Shroud of Golubria    Chrm/Tloc      ###.......   1%          2    None
d - Regeneration          Chrm/Necr      ###.......   12%         3    ##.....
e - Swiftness             Chrm/Air       ###.....     3%          2    None
f - Spectral Weapon       Hex/Chrm       ###.....     12%         3    ##.....
g - Shock                 Conj/Air       ##..         10%         1    None


Dungeon Overview and Level Annotations

Branches:
Dungeon (9/15)             Temple (0/1) D:4
   Lair: D:8-11         Orc: D:9-12

Altars:
Ashenzari
Cheibriados
Dithmenos
Fedhas
Kikubaaqudgha
Makhleb
Okawaru
Ru
Sif Muna
Xom
The Shining One

Annotations:
D:5 Menkaure
D:6 Duvessa


Message History

Duvessa hits you with a rapier.
* * * LOW HITPOINT WARNING * * *
You slash Duvessa!
Duvessa is heavily wounded.
Duvessa misses you.
You hit Duvessa.
Duvessa is heavily wounded.
Your skin stops crawling.
Duvessa hits you but does no damage.
You hit Duvessa.
Duvessa is severely wounded.
Duvessa closely misses you.
You slash Duvessa!
Duvessa is severely wounded.
Duvessa barely misses you.
You hit Duvessa but do no damage.
Duvessa is severely wounded.
Your song has ended.
Duvessa hits you with a rapier!!
You die...

##.....####.#
#........... #######
#........#
.>....####.......#
#####...[.......##
###...........#
#.............#
#....##.......#####.#
#
#...####).<..@ea....#
## #...#
##...######...
.##....# #..##
.##.##.# ##.#
.##.##.# #.##
.##.##.## #..##
........#####...##
..#.###..........#
#.#.# #.#####...##


You could see Duvessa (berserk) and a worker ant.

Vanquished Creatures
  A hippogriff (D:7)
  A water moccasin (D:8)
  3 ice beasts
  A centaur (D:5)
  2 phantoms
  4 ogres
  A big kobold (D:8)
  4 giant frogs
  A gnoll sergeant (D:9)
  3 scorpions
  6 killer bees (D:7)
  Dowan (D:6)
  5 crimson imps
  2 giant frog skeletons (D:7)
  A hound (D:9)
  2 jellies
  5 orc wizards (D:8)
  2 centaur skeletons
  2 centaur zombies (D:8)
  6 worker ants
  An iguana (D:8)
  A killer bee zombie (D:7)
  A hound skeleton (D:9)
  8 adders
  6 gnolls (D:9)
  2 shadow imps
  An ooze (D:1)
  An adder zombie (D:7)
  A worm (D:5)
  7 giant geckos
  21 orcs
  A ball python (D:3)
  4 giant cockroaches
  5 hobgoblins
  14 kobolds
  5 quokkas
  6 bats
  4 giant newts
  6 goblins
  13 jackals
  A jackal skeleton (D:7)
  2 quokka zombies
  7 rats
171 creatures vanquished.

Notes
Turn   | Place    | Note
--------------------------------------------------------------
     0 | D:1      | Opium the High Elf Skald began the quest for the Orb.
     0 | D:1      | Reached XP level 1. HP: 14/14 MP: 4/4
   122 | D:1      | Reached skill level 1 in Armour
   207 | D:1      | Reached XP level 2. HP: 10/19 MP: 3/6
   395 | D:1      | Learned a level 2 spell: Song of Slaying
   402 | D:1      | Learned a level 2 spell: Shroud of Golubria
   854 | D:2      | Reached XP level 3. HP: 24/24 MP: 1/7
  1563 | D:2      | Reached skill level 4 in Charms
  1563 | D:2      | Reached XP level 4. HP: 27/30 MP: 5/9
  1695 | D:3      | Found an ancient bone altar of Kikubaaqudgha.
  1719 | D:3      | Found a shattered altar of Ashenzari.
  1843 | D:3      | Found a faded altar to an unknown god.
  1995 | D:3      | Found an iron altar of Okawaru.
  2001 | D:3      | Became a worshipper of Warmaster Okawaru
  2046 | D:3      | Found a sacrificial altar of Ru.
  2104 | D:3      | Learned a level 3 spell: Regeneration
  2638 | D:4      | Found a staircase to the Ecumenical Temple.
  2669 | D:4      | Found a deep blue altar of Sif Muna.
  2670 | D:4      | Noticed an ogre
  2886 | D:4      | Found a burning altar of Makhleb.
  2886 | D:4      | Found a shadowy altar of Dithmenos.
  2886 | D:4      | Found a snail-covered altar of Cheibriados.
  2886 | D:4      | Found a blossoming altar of Fedhas.
  2892 | D:4      | Found a glowing golden altar of the Shining One.
  2892 | D:4      | Found a shimmering altar of Xom.
  2933 | D:4      | Reached XP level 5. HP: 10/36 MP: 5/10
  2935 | D:4      | Gained mutation: You possess an exceptional clarity of mind. [potion of beneficial mutation]
  2936 | D:4      | Lost mutation: You possess an exceptional clarity of mind. [potion of cure mutation]
  3261 | D:4      | Learned a level 2 spell: Swiftness
  3283 | D:5      | Entered Level 5 of the Dungeon
  3296 | D:5      | Noticed a centaur
  3301 | D:5      | Noticed an ice beast
  3312 | D:5      | Killed a centaur
  3312 | D:5      | Reached skill level 1 in Translocations
  3510 | D:5      | Reached XP level 6. HP: 35/42 MP: 7/12
  3664 | D:5      | Noticed a phantom
  3690 | D:5      | Killed a phantom
  3690 | D:5      | Reached * piety under Okawaru
  3876 | D:5      | Noticed Menkaure
  4007 | D:5      | Killed an ice beast
  4049 | D:5      | Reached XP level 7. HP: 45/47 MP: 2/14
  4209 | D:4      | Killed an ogre
  4209 | D:4      | Reached ** piety under Okawaru
  4216 | D:4      | Learned a level 3 spell: Spectral Weapon
  4218 | D:4      | Learned a level 1 spell: Shock
  4828 | D:6      | Reached skill level 5 in Long Blades
  4908 | D:6      | You fall through a shaft for 3 floors!
  4929 | D:9      | Reached skill level 5 in Charms
  5167 | D:9      | Reached XP level 8. HP: 49/54 MP: 12/16
  5184 | D:9      | Reached skill level 5 in Spellcasting
  5184 | D:9      | Reached skill level 1 in Air Magic
  6035 | D:8      | Noticed a kobold demonologist
  6036 | D:8      | Noticed a kobold demonologist
  6037 | D:8      | Noticed a kobold demonologist
  6045 | D:8      | Noticed a blue devil
  6057 | D:8      | Noticed a soul eater
  6058 | D:8      | Noticed an ice devil
  6059 | D:8      | Noticed a hellwing
  6060 | D:8      | Noticed an orange demon
  6078 | D:8      | Noticed a sixfirhy
  6376 | D:8      | Reached *** piety under Okawaru
  6630 | D:8      | Reached skill level 5 in Dodging
  6652 | D:8      | Reached skill level 6 in Long Blades
  6745 | D:8      | Reached skill level 5 in Fighting
  7378 | D:8      | Reached XP level 9. HP: 39/61 MP: 2/19
  9251 | D:7      | Reached skill level 7 in Long Blades
  9781 | D:6      | Noticed Duvessa
  9782 | D:6      | Noticed Dowan
  9799 | D:6      | Killed Dowan
  9820 | D:6      | Slain by Duvessa

Action                   |  1- 3 |  4- 6 |  7- 9 || total
-------------------------+-------+-------+-------++-------
Melee: Falchion          |   131 |   146 |   517 ||   794
Throw: Stone             |    45 |    14 |     1 ||    60
       Throwing net      |       |       |     1 ||     1
 Cast: Infusion          |    19 |    19 |    25 ||    63
       Song of Slaying   |     3 |     3 |    15 ||    21
       Shroud of Golubri |     3 |     7 |    23 ||    33
       Regeneration      |       |     2 |     6 ||     8
       Swiftness         |       |     1 |       ||     1
       Shock             |       |       |    34 ||    34
       Spectral Weapon   |       |       |     1 ||     1
Invok: Heroism           |       |       |     3 ||     3
  Use: Scroll            |     5 |     6 |     9 ||    20
       Potion            |       |     4 |     3 ||     7
 Stab: Invisible         |       |     1 |       ||     1
       Paralysed         |       |     1 |       ||     1
       Sleeping          |       |       |     2 ||     2
  Eat: Chunk             |     3 |     4 |    15 ||    22
       Beef jerky        |       |     3 |       ||     3
       Meat ration       |       |       |     1 ||     1
